 Dungeon Crawl Stone Soup version 0.31-a0-154-g56bf346678 (webtiles) character file.

Game seed: 1697553055165080492

19 Midn8 the Conjurer (level 2, 0/24 HPs)
             Began as a Draconian Reaver on June 11, 2023.
             Slain by a frilled lizard (3 damage)
             ... on level 1 of the Dungeon.
             The game lasted 00:01:29 (473 turns).

Midn8 the Conjurer (Draconian Reaver)                Turns: 473, Time: 00:01:29

Health: 0/24       AC:  4    Str: 14    XL:     2   Next: 55%
Magic:  1/6        EV: 12    Int: 13    God:
Gold:   58         SH:  0    Dex:  9    Spells: 4/7 levels left

rFire   . . .        c - +1 dagger (venom)
rCold   . . .        (no shield)
rNeg    . . .        (body armour unavailable)
rPois   .            (helmet restricted)
rElec   .            (no cloak)
rCorr   .            (no gloves)
SInv    .            (no boots)
Will    .....        (no amulet)
Stlth   +            (no ring)
HPRegen 0.24/turn    (no ring)
MPRegen 0.10/turn

%: no passive effects
@: no status effects
A: AC +4, unfitting armour, cold-blooded
a: no special abilities


You were on level 1 of the Dungeon.
You visited 1 branch of the dungeon, and saw 1 of its levels.

You collected 58 gold pieces.

Inventory:

Hand Weapons
 a - a +0 mace
 c - a +1 dagger of venom (weapon)
Scrolls
 d - a scroll of identify {unknown}
 e - a scroll of teleportation {unknown}
 g - a scroll of magic mapping {unknown}
Potions
 b - 2 potions of lignification {unknown}
 f - a potion of mutation {unknown}


   Skills:
 - Level 2.1 Fighting
 - Level 3.0 Maces & Flails
 - Level 1.7 Dodging
 - Level 3.0 Spellcasting
 - Level 3.0 Conjurations
 + Level 0.4 Translocations


You had 4 spell levels left.
You knew the following spells:

 Your Spells              Type           Power      Damage    Failure   Level
a - Kiss of Death         Conj/Necr      20%        2d7       12%         1
s - Momentum Strike       Conj/Tloc      12%        3d8       17%         2

Your spell library contained the following spells:

 Spells                   Type           Power      Damage    Failure   Level
 Hailstorm                Conj/Ice       5%         3d4       36%         3


Dungeon Overview and Level Annotations

Branches:
Dungeon (1/15)

Altars:


Innate Abilities, Weirdness & Mutations

Your plain brown scales are hard. (AC +4)
You cannot fit into any form of body armour.
You are cold-blooded and may be slowed by cold attacks.


Message History

* * * LOW HITPOINT WARNING * * *
You hit the hobgoblin.
The hobgoblin is poisoned.
The hobgoblin is severely wounded.
The hobgoblin misses you.
You hit the hobgoblin but do no damage.
The hobgoblin looks even sicker.
The hobgoblin is almost dead.
The hobgoblin misses you.
You hit the hobgoblin but do no damage.
The hobgoblin looks as sick as possible!
The hobgoblin is almost dead.
You kill the hobgoblin!
The frilled lizard closely misses you.
You miss the frilled lizard.
You are no longer robbed of momentum.
The frilled lizard barely misses you.
You barely miss the frilled lizard. You tail-slap the frilled lizard.
The frilled lizard is heavily wounded.
The frilled lizard bites you.
* * * LOW HITPOINT WARNING * * *
You miss the frilled lizard.
The frilled lizard is heavily wounded.
The frilled lizard barely misses you.
Casting: Momentum Strike (safe; 17% risk of failure)
Confirm with . or Enter, or press ? or * to list all spells.
Aiming: Momentum Strike (safe; 17% risk of failure)
Press: ? - help, Dir - move target, f - frilled lizard
Aim: a frilled lizard (heavily wounded, 48% to hit)
The concentrated momentum misses the frilled lizard.
The frilled lizard closely misses you.
Casting: Momentum Strike (safe; 17% risk of failure)
Confirm with . or Enter, or press ? or * to list all spells.
Aiming: Momentum Strike (safe; 17% risk of failure)
Press: ? - help, Dir - move target, f/p - frilled lizard
Aim: a frilled lizard (heavily wounded, 48% to hit)
The concentrated momentum misses the frilled lizard.
The frilled lizard misses you.
You closely miss the frilled lizard.
The frilled lizard is heavily wounded.
The frilled lizard bites you.
You die...

#.......##.....#.......
###.#..........###......
#....###.......#........
#.............#..######.
#.......................
#.......###.#.###...####
#.......................
#....#...##....######...
#....#.@.##...... ...
#... #l..##...... .. ###
........ .... .....
#......... ......
............. ......
......[..##### ......
#.........# ......
#.......#.. ......
......


You could see a frilled lizard.

Vanquished Creatures
  2 endoplasms (D:1)
  2 goblins (D:1)
  3 hobgoblins (D:1)
  2 jackals (D:1)
  A quokka (D:1)
  2 ball pythons (D:1)
  3 bats (D:1)
  A frilled lizard (D:1)
  3 rats (D:1)
19 creatures vanquished.

Notes
Turn   | Place    | Note
-------+----------+-------------------------------------------
     0 | D:1      | Midn8 the Draconian Reaver began the quest for the Orb.
     0 | D:1      | Reached XP level 1. HP: 17/17 MP: 3/3
   181 | D:1      | Reached XP level 2. HP: 20/23 MP: 5/5
   188 | D:1      | Learned a level 2 spell: Momentum Strike
   473 | D:1      | Slain by a frilled lizard

Illustrated notes

Levels and vault maps discovered:
D:1:      dpeg_arrival_central, layout_basic

Skill      XL: |  1  2 |
---------------+-------+-----
Spellcasting   | 3 |  3.0
Fighting       | |  2.1
Maces & Flails | |  3.0
Dodging        | |  1.7
Conjurations   | |  3.0
Translocations | |  0.4

Action                     || total
---------------------------++-------
  Melee: Dagger            ||    44
         Mace              ||    13
         Tailslap          ||     9
   Cast: Kiss of Death     ||     1
         Momentum Strike   ||     7
 Armour: Skin              ||    14
  Dodge: Dodged            ||    64

Table legend: (Time is in decaauts)
 A = Elapsed time spent in this place.
 B = Non-inter-level travel time spent in this place.
 C = Inter-level travel time spent in this place.
 D = Time resting spent in this place.
 E = Time spent auto-exploring this place.
 F = Levels seen in this place.
 G = Mean time per level.
                   A        B        C        D        E       F      G
               +--------+--------+--------+--------+--------+-----+--------+
         Total |    475 |    475 |      0 |     95 |    231 |   1 |  475.0 |
       Dungeon |    475 |    475 |      0 |     95 |    231 |   1 |  475.0 |
               +--------+--------+--------+--------+--------+-----+--------+

Top non-repeatable levels by time:
     D:1: 475 daAuts
